 Dungeon Crawl Stone Soup version 0.19-a0-1851-g3228ea0 (webtiles) character file.

298197 xeno23 the Warrior (level 21, -38/238 HPs)
             Began as a Halfling Hunter on Oct 9, 2016.
             Was the Champion of Fedhas.
             Killed from afar by an ogre mage (58 damage)
             ... with a crystal spear
             ... led by an ironheart preserver
             ... on level 4 of the Vaults on Oct 10, 2016.
             The game lasted 04:53:54 (43321 turns).

xeno23 the Warrior (Halfling Hunter)               Turns: 43321, Time: 04:53:55

Health: -38/238    AC: 11    Str: 23    XL:     21   Next: 86%
Magic:  20/20      EV: 26    Int: 13    God:    Fedhas [******]
Gold:   1382       SH: 10    Dex: 18    Spells: 1 memorised, 19 levels left

rFire  + + .     SeeInvis +     b - +6 shillelagh "Devastator" {shatter}
rCold  + + .     Gourm    .     r - +6 fire dragon scales
rNeg   . . .     Faith    .     k - +3 warlock's mirror {reflect}
rPois  +         Spirit   .     z - +2 helmet {SInv}
rElec  .         Dismiss  .     B - +0 cloak of Lulesch {Int+4}
rCorr  +         Reflect  +     D - +1 pair of gloves
MR     ++...     Harm     .     y - +1 pair of boots {Fly}
Stlth  ..........               S - amulet of regeneration
                                f - ring of protection from magic
                                J - ring of Juwkiesi {rCorr +Fly rPois rC+++ MP-9}

@: berserking, corroded, flying, very quick
A: mutation resistance 1, weak 1
a: Evolution, Sunlight, Growth, Reproduction, Rain, Renounce Religion, Stop
Flying
}: 2/15 runes: barnacled, gossamer


You were on level 4 of the Vaults.
You worshipped Fedhas.
Fedhas was exalted by your worship.
You were very hungry.

You visited 7 branches of the dungeon, and saw 36 of its levels.
You visited the Abyss 1 time.
You also visited: Ossuary and Volcano.

You collected 4425 gold pieces.
You spent 3043 gold pieces at shops.

Inventory:

Hand Weapons
 a - a +3 demon trident of electrocution
 b - the +6 shillelagh "Devastator" (weapon) {shatter}
   (You found it on level 4 of the Dungeon)
 i - a +0 fustibalus
Missiles
 d - 229 sling bullets
 F - 5 throwing nets (quivered)
Armour
 k - the +3 warlock's mirror (worn) {reflect}
   (You bought it in a shop on level 11 of the Dungeon)
 r - +6 fire dragon scales (worn)
 y - a +1 pair of boots of flying (worn)
 z - a +2 helmet of see invisible (worn)
 B - the +0 cloak of Lulesch (worn) {Int+4}
   (You found it on level 4 of the Dungeon)

   It affects your intelligence (+4).
 D - a +1 pair of gloves (worn)
 P - a +2 pair of gloves
Rods
 u - a +0 rod of inaccuracy (13/13)
   (You found it on level 4 of the Lair of Beasts)
Jewellery
 f - a ring of protection from magic (right hand)
 H - the ring "Voalom" {+Blink +Inv rPois MP+9 Int-3}
   (You found it on level 2 of the Vaults)

   [ring of magical power]

   It affects your intelligence (-3).
   It protects you from poison.
   It affects your magic capacity (+9).
   It lets you turn invisible.
   It lets you blink.
 J - the ring of Juwkiesi (left hand) {rCorr +Fly rPois rC+++ MP-9}
   (You found it on level 13 of the Dungeon)

   [ring of resist corrosion]

   It renders you almost immune to cold.
   It protects you from poison.
   It affects your magic capacity (-9).
   It lets you fly.
 S - an amulet of regeneration (around neck)
Wands
 A - a wand of confusion (12/48)
 C - a wand of digging (8/24)
 E - a wand of iceblast (5/15)
 G - a wand of hasting (5/9)
 L - a wand of teleportation (3/9)
 N - a wand of disintegration (14/24)
Scrolls
 c - a scroll of summoning
 g - 5 scrolls of magic mapping
 h - 5 scrolls of blinking
 l - 6 scrolls of fear
 n - 14 scrolls of remove curse
 q - 5 scrolls of teleportation
 s - 5 scrolls of fog
 R - a scroll of identify
 W - 2 scrolls of immolation
 X - 3 scrolls of recharging
Potions
 e - 9 potions of might
 j - 14 potions of curing
 m - 4 potions of resistance
 t - 2 potions of brilliance
 v - 5 potions of invisibility
 w - a potion of cancellation
 x - 7 potions of haste
 K - 5 potions of berserk rage
 M - a potion of heal wounds
 T - 7 potions of agility
 Y - a potion of magic
Miscellaneous
 I - a box of beasts
 U - a lamp of fire
Comestibles
 o - 6 slices of pizza
 p - 21 fruits
 O - 6 beef jerkies
 Q - 8 bread rations
 Z - 18 meat rations


   Skills:
 + Level 18.0 Fighting
   Level 0.4(11.1) Axes
 - Level 11.9(12.0) Maces & Flails
 * Level 10.5(10.6) Polearms
 - Level 12.6 Slings
 - Level 10.8 Armour
 + Level 17.7 Dodging
 - Level 1.1 Stealth
 - Level 5.0 Shields
 - Level 11.6 Invocations
 + Level 11.7 Evocations


You had 19 spell levels left.
You knew the following spells:

 Your Spells              Type           Power        Failure   Level  Hunger
a - Apportation           Tloc           #.........   80%         1    ##.....


Dungeon Overview and Level Annotations

Branches:
Dungeon (15/15)            Temple (1/1) D:5            Lair (6/6) D:10
 Shoals (4/4) Lair:3       Spider (4/4) Lair:4        Slime (0/5) Lair:6
    Orc (2/2) D:11            Elf (0/3) Orc:2        Vaults (4/5) D:14
  Crypt (0/3) Vaults:3     Depths (0/5) D:15

Altars:
Ashenzari
Cheibriados
Dithmenos
Elyvilon
Fedhas
Gozag
Hepliaklqana
Kikubaaqudgha
Makhleb
Nemelex Xobeh
Okawaru
Qazlal
Ru
Sif Muna
Trog
Uskayaw
Vehumet
Xom
Yredelemnul
Zin
The Shining One

Shops:
D:4 (   D:6 ::}!*   D:11 [   Orc:1 !   Orc:2 }*:[(   Shoals:3 *   Vaults:2 [

Portals:
Hell: Lair:6
Trove: D:14 (give +8 demon blade)

Annotations:
D:1 2 exclusions
D:4 dobroeutro's ghost, amateur TrMo
Vaults:3 Mennas


Innate Abilities, Weirdness & Mutations

You are small and have problems with some larger weapons.
You are somewhat resistant to further mutation.
You are weak. (Str -2)


Message History

You take 22 damage.
You thump the ironheart preserver!
The ironheart preserver, the ogre mage and the ogre shudder.
The ironheart preserver is severely wounded.
The ogre mage is heavily wounded.
The ogre is almost dead.
The ironheart preserver is severely wounded.
You hit the ironheart preserver.
The ironheart preserver, the ogre mage and the ogre shudder.
The ironheart preserver is almost dead.
The ogre mage is severely wounded.
You kill the ogre!
The ironheart preserver is almost dead.
You hit the ironheart preserver.
The ogre mage shudders.
You kill the ironheart preserver!
The ogre mage is severely wounded.
The ogre mage gestures at you while chanting.
The crystal spear hits you!
You die...
Fedhas appreciates your contribution to the ecosystem.

***,,,,,,*,,,,,,,,,,,,,,,,,,,,,,,
***,,,,,,*,,,###*#+***,,,,,,,,,,,
,,*,,,,,,*,,,#..,..,,*,,,,,,,,,,,
,,*,,,,,,*,,,#.#*.#*,********,,,,
,,*,,,,,,*,,,#.#*.##>*,,,,,,*,,,,
,,********,,,#..,..,,+,,,,,,*,,,,
,,,,,,,,,,,,,#ยง#*.#*,*,,,,,,*,,,,
,,,,,,,,,,,,,#O##.##.#,,,,,,*,,,,
,,,,,,,,,,,,,#))@)...#,,,,,,+,,,,
,,,,,,,,,,,,,#########,,,,,,*,,,,
,,,,,,,,,,,,,,,,,,,,,*,,,,,,*,,,,
******,,,,,,,,,,,,,,,********,,,,
,,,,,+,,,,,,,,,,,,,,,,,,,,,,,,,,,
,,,,,*,,,*********+***,,,,,,,,,,,
,,,,,*,,,*,,,,,,,,,,,*,,,,,,,,,,,
,,,,,*,,,*,,,,,,,,,,,*,,**,,,,,,,
,,,,,*,,,*,,,,,,,,,,,*,,*,,,,*,,*


You could see an ogre mage.

Vanquished Creatures
  Mara (Shoals:3)
  Arachne (Spider:4)
  The ghost of Pr0man the Warrior, an adept VSMo of Okawaru (Vaults:2)
  Rupert (D:14)
  A lich (Abyss:2)
  Ilsuiw (Shoals:4)
  Donald (Shoals:2)
  A fire giant (Vaults:3)
  A frost giant (Shoals:4)
  4 vault wardens
  6 ghost moths
  4 emperor scorpions
  An orc warlord (Orc:2)
  3 very ugly things (Vaults:3)
  A ghoul (Vaults:3)
  4 stone giants
  11 ironheart preservers
  A deep elf annihilator (Vaults:3)
  5 entropy weavers
  A lorocyproca (Abyss:2)
  3 spark wasps
  Snorg (Lair:6)
  An ettin (Vaults:3)
  13 merfolk impalers
  A fire dragon (D:14)
  4 merfolk javelineers (Shoals:4)
  The ghost of dobroeutro the Basher, a journeyman GrFi of Okawaru (D:12)
  A ghost crab (shapeshifter) (Vaults:2)
  Harold (Volcano)
  4 hydras
  11 vault guards
  3 ice dragons
  A yaktaur captain (Vaults:4)
  Erolcha (D:13)
  A naga warrior (Abyss:2)
  A quicksilver dragon skeleton (Abyss:2)
  2 catoblepae
  5 merfolk avatars
  4 merfolk aquamancers
  2 death knights
  13 centaur warriors
  A satyr (Shoals:4)
  A tengu warrior (D:13)
  4 deep troll shamans (Vaults:3)
  6 ogre magi
  The ghost of p0werm0de the Martial Artist, a novice DsCK of Xom (Lair:1)
  3 deep troll earth magi
  A vampire mage (Vaults:3)
  3 deep elf knights (Vaults:2)
  3 orc high priests (Orc:2)
  A wretched star (Abyss:2)
  A wandering mushroom (Shoals:4)
  2 sixfirhies
  A death drake (shapeshifter) (Vaults:1)
  9 skeletal warriors (Vaults:1)
  9 sea snakes
  A shadow wraith (Vaults:3)
  4 glowing orange brains
  4 unseen horrors
  10 ironbrand convokers
  15 deep trolls
  2 flayed ghosts
  7 wizards
  8 hill giants
  6 deep elf archers
  27 wolf spiders
  14 harpies
  A harpy (shapeshifter) (Vaults:3)
  11 orc knights
  Pikel (D:7)
  6 orc sorcerers
  10 deep elf magi
  5 necromancers
  16 orb spiders
  13 fauns
  A sphinx skeleton (Vaults:3)
  5 cyclopes
  2 worldbinders (Abyss:2)
  14 slime creatures
  2 salamanders (Abyss:2)
  27 ugly things
  13 manticores
  A frost giant skeleton (Vaults:3)
  5 elephants (Lair:5)
  A moth of wrath (shapeshifter) (Vaults:2)
  A tengu skeleton (Vaults:2)
  A guardian serpent (shapeshifter) (Vaults:2)
  Psyche (D:8)
  11 sirens
  2 black mambas
  9 vault sentinels
  11 spiny frogs
  A naga mage (D:15)
  4 water nymphs
  A guardian serpent (Abyss:2)
  6 orange demons
  A kobold demonologist (Abyss:2)
  3 rime drakes
  A hellion (Abyss:2)
  16 yaktaurs
  A yaktaur zombie (Vaults:2)
  3 ice devils (Lair:6)
  An efreet (D:15)
  4 komodo dragons
  2 freezing wraiths (Vaults:3)
  A hellwing (Lair:6)
  9 wind drakes
  12 demonic crawlers
  3 red devils
  40 merfolk
  A hornet (shapeshifter) (Vaults:2)
  24 jumping spiders
  A polar bear (Lair:4)
  9 snapping turtles
  6 trolls
  11 hornets
  12 two-headed ogres
  13 blink frogs
  3 raiju (Abyss:2)
  4 harpy skeletons (Shoals:3)
  5 dream sheep (Lair:6)
  58 redbacks
  A shadow (D:13)
  14 hippogriffs
  A ynoxinul (Abyss:2)
  An ettin skeleton (Abyss:2)
  27 tarantellas
  A wraith (D:15)
  42 yaks
  9 water elementals
  5 wyverns
  6 basilisks
  A small abomination (Abyss:2)
  7 vampire mosquitoes
  2 wargs
  A mottled dragon (Vaults:1)
  2 hell hounds (Lair:5)
  A harpy simulacrum (Abyss:2)
  8 porcupines
  2 nagas (Abyss:2)
  15 water moccasins
  6 ice beasts
  A slave (D:7)
  38 orc warriors
  A spiny frog skeleton (Abyss:2)
  3 sky beasts
  An ettin simulacrum (Vaults:2)
  A hornet zombie (D:8)
  10 boggarts
  17 centaurs
  34 ogres
  3 phantoms
  10 crocodiles
  3 big kobolds
  19 bullfrogs
  2 hippogriff skeletons (Shoals:3)
  A human skeleton (Vaults:3)
  A water moccasin zombie (Ossuary)
  A gnoll sergeant (D:9)
  A wyvern skeleton (D:14)
  5 scorpions
  14 killer bees
  5 wights (D:11)
  4 howler monkeys
  An electric eel (Spider:1)
  11 crimson imps
  A bullfrog zombie (D:5)
  4 centaur zombies
  10 centaur skeletons
  6 hounds
  An iron imp (Abyss:2)
  6 jellies
  13 orc priests
  25 orc wizards
  Terence (D:3)
  5 iguanas
  7 worker ants
  3 big kobold zombies (Ossuary)
  2 hound skeletons
  2 mummies (Ossuary)
  14 gnolls
  10 adders
  A river rat (D:10)
  4 shadow imps
  An ufetubus (Abyss:2)
  8 oozes
  3 adder skeletons
  2 adder zombies
  5 worms
  4 dart slugs
  5 leopard geckos
  75 orcs
  A bat skeleton (Shoals:3)
  11 giant cockroaches
  7 goblins
  9 hobgoblins
  13 jackals
  6 quokkas
  8 bats
  8 frilled lizards
  3 gnoll zombies (Ossuary)
  6 hobgoblin zombies (Ossuary)
  A jackal skeleton (D:4)
  10 kobolds
  6 kobold zombies (Ossuary)
  7 orc zombies (Ossuary)
  11 rats
  2 ballistomycetes (Spider:4)
  A fungus (Lair:2)
  7 toadstools
1368 creatures vanquished.

Vanquished Creatures (collateral kills)
  A hydra (Lair:6)
  A merfolk aquamancer (Shoals:3)
  A merfolk avatar (Shoals:1)
  A sun demon (Lair:6)
  The ghost of p0werm0de the Nimble, a novice HECK of Cheibriados (D:9)
  A sea snake (Shoals:3)
  A harpy (Shoals:2)
  A manticore (Shoals:3)
  A siren (Shoals:3)
  2 spiny frogs (Lair:6)
  A komodo dragon (Lair:6)
  3 ice devils (Lair:6)
  A wind drake (Shoals:3)
  2 merfolk (Shoals:2)
  A blink frog (Lair:5)
  A hippogriff (Lair:6)
  3 yaks (Lair:6)
  2 wyverns (Lair:6)
  3 water elementals (Shoals:3)
  A small abomination (Shoals:4)
  2 crocodiles (Lair:6)
  A bullfrog (Lair:5)
  2 ballistomycete spores
34 creatures vanquished.

Vanquished Creatures (others)
  An oklob plant (Shoals:2)
  A vampire knight (Vaults:3)
  A rakshasa (Vaults:2)
  12 wandering mushrooms
  An orb spider (Spider:1)
  A deep elf mage (Volcano)
  A wolf spider (Spider:1)
  A wizard (D:6)
  A faun (Shoals:2)
  A cyclops (D:12)
  5 dream sheep (Lair:5)
  2 centaurs
  A hound (D:7)
  A white imp (Abyss:2)
  5 fungi
  7 plants
  980 toadstools
1022 creatures vanquished.

Grand Total: 2424 creatures vanquished

Notes
Turn   | Place    | Note
-------+----------+-------------------------------------------
     0 | D:1      | xeno23 the Halfling Hunter began the quest for the Orb.
     0 | D:1      | Reached XP level 1. HP: 14/14 MP: 1/1
   103 | D:1      | Reached skill level 2 in Fighting
   104 | D:1      | Reached XP level 2. HP: 12/19 MP: 2/2
   806 | D:1      | Reached XP level 3. HP: 24/24 MP: 3/3
  1671 | D:2      | Found a faded altar of an unknown god.
  1934 | D:2      | Reached XP level 4. HP: 29/29 MP: 4/4
  2010 | D:2      | Found a sparkling altar of Nemelex Xobeh.
  2770 | D:3      | Reached XP level 5. HP: 28/35 MP: 5/5
  3299 | D:3      | Reached XP level 6. HP: 41/41 MP: 6/6
  3477 | D:3      | Noticed Terence
  3495 | D:3      | Killed Terence
  3555 | D:4      | Reached skill level 3 in Fighting
  3713 | D:4      | Noticed a two-headed ogre
  3831 | D:4      | Noticed an ogre
  3992 | D:4      | Killed a two-headed ogre
  3992 | D:4      | Reached XP level 7. HP: 46/46 MP: 7/7
  4111 | D:4      | Got a smoking cloak
  4122 | D:4      | Identified the cursed +0 cloak of Lulesch {Int+4} (You found it on level 4 of the Dungeon)
  4330 | D:4      | Found Deilawi's Weapon Shop.
  4440 | D:4      | Noticed dobroeutro's ghost (amateur TrMo)
  4720 | D:5      | Entered Level 5 of the Dungeon
  4736 | D:5      | Found a staircase to the Ecumenical Temple.
  4743 | Temple   | Entered the Ecumenical Temple
  4768 | D:5      | Reached skill level 10 in Slings
  4768 | D:5      | Reached skill level 5 in Dodging
  4833 | D:5      | Reached skill level 4 in Fighting
  4833 | D:5      | Reached XP level 8. HP: 53/54 MP: 8/8
  4945 | D:5      | Found a shadowy altar of Dithmenos.
  5761 | D:6      | Reached skill level 1 in Shields
  5803 | D:6      | Reached skill level 1 in Maces & Flails
  5866 | D:6      | Found Ceneu's Distillery.
  5873 | D:6      | Bought a potion of heal wounds for 75 gold pieces
  5876 | D:6      | Bought a potion of degeneration for 15 gold pieces
  5879 | D:6      | Bought a potion of invisibility for 120 gold pieces
  5879 | D:6      | Bought a potion of curing for 45 gold pieces
  5879 | D:6      | Bought a potion of curing for 45 gold pieces
  5879 | D:6      | Bought a potion of curing for 45 gold pieces
  5903 | D:6      | Found Par Yhojy's General Store.
  6023 | D:6      | Reached XP level 9. HP: 53/59 MP: 9/9
  6069 | D:6      | Found Ceezops's Book Boutique.
  6092 | D:6      | Found Esyonemu's Gadget Boutique.
  6218 | D:6      | Found Plog's Book Shoppe.
  6303 | D:6      | Found a bloodstained altar of Trog.
  6312 | D:6      | Noticed a wizard
  6315 | D:6      | Killed a wizard
  6403 | D:7      | Got a distressingly furry scale mail
  6421 | D:7      | Identified the cursed +1 scale mail of Listlessness {rN+ Int+3 Dex-5} (You found it on level 7 of the Dungeon)
  6517 | D:7      | Found a sand-covered staircase.
  6524 | Ossuary  | Entered an ossuary
  6839 | D:7      | Noticed Pikel
  6842 | D:7      | Killed Pikel
  6842 | D:7      | Reached skill level 5 in Fighting
  7202 | D:8      | Reached XP level 10. HP: 56/66 MP: 10/10
  7324 | D:8      | Reached skill level 5 in Shields
  7521 | D:8      | Found an ancient bone altar of Kikubaaqudgha.
  7527 | D:8      | Found an opulent altar of Gozag.
  7528 | D:8      | Found a sparkling altar of Nemelex Xobeh.
  7528 | D:8      | Found a bloodstained altar of Trog.
  7541 | D:8      | Found a blossoming altar of Fedhas.
  7551 | D:8      | Became a worshipper of Fedhas Madash
  7657 | D:8      | Reached skill level 5 in Maces & Flails
  8190 | D:8      | Noticed Psyche
  8204 | D:8      | Killed Psyche
  8325 | D:8      | Noticed a five-headed hydra
  8579 | D:8      | Reached skill level 6 in Fighting
  8736 | D:9      | Noticed p0werm0de's ghost (novice HECK)
  9097 | D:10     | Entered Level 10 of the Dungeon
  9461 | D:10     | Reached XP level 11. HP: 74/74 MP: 11/11
  9533 | D:10     | Found a staircase to the Lair.
  9906 | D:10     | Learned a level 1 spell: Apportation
 10063 | D:9      | Reached * piety under Fedhas
 10180 | Lair:1   | Entered Level 1 of the Lair of Beasts
 10441 | Lair:1   | Reached skill level 1 in Invocations
 10502 | Lair:1   | Noticed p0werm0de's ghost (novice DsCK)
 10581 | Lair:1   | Reached skill level 7 in Fighting
 10587 | Lair:1   | HP: 2/75 [p0werm0de's ghost (25)]
 11005 | Lair:1   | Killed p0werm0de's ghost
 11963 | Lair:2   | Reached XP level 12. HP: 81/81 MP: 15/15
 12106 | Lair:3   | Reached skill level 1 in Armour
 12106 | Lair:3   | Reached skill level 5 in Invocations
 12230 | Lair:3   | Found a staircase to the Shoals.
 12491 | Lair:3   | Identified Usidwann's Catalogue of Feathery Earth
 13027 | D:9      | Killed p0werm0de's ghost
 13055 | D:9      | Found a white marble altar of Elyvilon.
 13544 | D:8      | Killed a five-headed hydra
 13950 | Lair:4   | Found a hole to the Spider Nest.
 13961 | Lair:4   | Reached skill level 8 in Fighting
 14004 | Lair:4   | Identified a +0 rod of inaccuracy (13/13) (You found it on level 4 of the Lair of Beasts)
 14267 | Lair:4   | Reached skill level 10 in Dodging
 14592 | Lair:5   | Found a dark tunnel.
 14605 | Lair:5   | Reached ** piety under Fedhas
 14752 | Volcano  | Entered a volcano
 14811 | Volcano  | Found a radiant altar of Vehumet.
 14813 | Volcano  | Noticed Harold
 14849 | Volcano  | Reached XP level 13. HP: 41/88 MP: 18/18
 14884 | Volcano  | Killed Harold
 15302 | Lair:5   | Reached skill level 10 in Maces & Flails
 15310 | Lair:5   | Reached skill level 5 in Armour
 15329 | Lair:5   | Noticed a catoblepas
 15613 | Lair:6   | Entered Level 6 of the Lair of Beasts
 15755 | Lair:5   | Killed a catoblepas
 16129 | Lair:5   | Found a shimmering altar of Xom.
 16716 | Lair:6   | Noticed a six-headed hydra
 16717 | Lair:6   | Noticed Snorg
 16726 | Lair:6   | Noticed a seven-headed hydra
 16737 | Lair:6   | Killed a seven-headed hydra
 16750 | Lair:6   | Killed a six-headed hydra
 16767 | Lair:6   | Killed Snorg
 17007 | Lair:6   | Identified the Incunabulum of Floating Fire
 17033 | Lair:6   | Found a staircase to the Slime Pits.
 17128 | Lair:6   | Noticed a six-headed hydra
 17129 | Lair:6   | Reached XP level 14. HP: 83/95 MP: 21/21
 17134 | Lair:6   | Reached skill level 10 in Invocations
 17432 | Lair:6   | Reached skill level 9 in Fighting
 17433 | Lair:6   | Reached *** piety under Fedhas
 18145 | Lair:6   | Found a burning altar of Makhleb.
 18150 | Lair:6   | Found a gateway to Hell.
 18409 | Lair:1   | Gained mutation: You are robust. (+10% HP) [potion of mutation]
 18410 | Lair:1   | Lost mutation: You are robust. (+10% HP) [potion of mutation]
 18411 | Lair:1   | Gained mutation: You are weak. (Str -2) [potion of mutation]
 18552 | D:6      | Bought a scroll of identify for 28 gold pieces
 18552 | D:6      | Bought a scroll of fear for 49 gold pieces
 18552 | D:6      | Bought a scroll of identify for 28 gold pieces
 18552 | D:6      | Bought a scroll of blinking for 105 gold pieces
 18554 | D:6      | Bought 3 scrolls of magic mapping for 147 gold pieces
 18554 | D:6      | Bought 2 fruits for 42 gold pieces
 18554 | D:6      | Bought a potion of flight for 42 gold pieces
 18573 | D:6      | Bought a potion of haste for 150 gold pieces
 18573 | D:6      | Bought a potion of invisibility for 120 gold pieces
 18573 | D:6      | Bought a potion of resistance for 150 gold pieces
 18573 | D:6      | Bought 2 potions of ambrosia for 240 gold pieces
 19049 | D:11     | Found Pucvoudi's Armour Shop.
 19049 | D:11     | Found a staircase to the Orcish Mines.
 19725 | Orc:1    | Entered Level 1 of the Orcish Mines
 19746 | Orc:1    | Paralysed by an orc sorcerer for 3 turns
 19973 | Orc:1    | Found Fobaqyub's Distillery.
 19981 | Orc:1    | Bought a potion of mutation for 30 gold pieces
 20064 | Orc:1    | Reached **** piety under Fedhas
 20230 | Orc:2    | Entered Level 2 of the Orcish Mines
 20230 | Orc:2    | Found a staircase to the Elven Halls.
 20555 | Orc:2    | Found Ynurghapp's General Store.
 20575 | Orc:2    | Paralysed by an orc sorcerer for 5 turns
 20809 | Orc:2    | Bought a potion of mutation for 30 gold pieces
 20809 | Orc:2    | Bought a scroll of noise for 12 gold pieces
 20809 | Orc:2    | Bought 19 bolts for 45 gold pieces
 20809 | Orc:2    | Bought a potion of might for 48 gold pieces
 20809 | Orc:2    | Bought a potion of curing for 36 gold pieces
 20832 | Orc:2    | Gained mutation: You are partially covered in large bone plates. (SH +4) [potion of mutation]
 20832 | Orc:2    | Gained mutation: You are resistant to hostile enchantments. (MR+) [potion of mutation]
 20832 | Orc:2    | Gained mutation: Scrolls take you a little longer to read. [potion of mutation]
 20899 | Orc:2    | Found Akott's Antique Armour Shoppe.
 20943 | Orc:2    | Bought a pair of embroidered boots for 139 gold pieces
 20943 | Orc:2    | Bought a bronze chain mail for 294 gold pieces
 20960 | Orc:2    | Identified the +3 chain mail "Jelen" {Str+7} (You bought it in a shop on level 2 of the Orcish Mines)
 21140 | Orc:2    | Found Qotrak's Book Shop.
 21180 | Orc:2    | Found Ywkiddus's Antique Weapon Boutique.
 21345 | Orc:2    | Noticed an orc warlord
 21374 | Orc:2    | Killed an orc warlord
 21374 | Orc:2    | Reached XP level 15. HP: 70/102 MP: 23/23
 21502 | Orc:2    | Found Xiexzom's Quality Used Wands.
 21735 | D:11     | Bought the +3 warlock's mirror {reflect} for 456 gold pieces
 22064 | D:12     | Noticed dobroeutro's ghost (journeyman GrFi)
 22139 | D:12     | Killed dobroeutro's ghost
 22275 | D:12     | Found a hide-covered altar of Uskayaw.
 22458 | D:12     | Reached skill level 10 in Fighting
 22993 | D:13     | Noticed Erolcha
 23005 | D:13     | Killed Erolcha
 23065 | D:13     | Got a translucent granite ring
 23066 | D:13     | Identified the ring of Juwkiesi {rCorr +Fly rPois rC+++ MP-9} (You found it on level 13 of the Dungeon)
 23265 | D:14     | Reached ***** piety under Fedhas
 23729 | D:14     | Found a gate to the Vaults.
 23766 | D:14     | Reached skill level 11 in Fighting
 23916 | D:14     | Found a portal to a secret trove of treasure.
 23995 | D:14     | Noticed Rupert
 24007 | D:14     | Killed Rupert
 24333 | D:15     | Entered Level 15 of the Dungeon
 24548 | D:15     | Reached XP level 16. HP: 105/113 MP: 15/24
 24591 | D:15     | Reached skill level 10 in Armour
 24645 | D:15     | Found a staircase to the Depths.
 24844 | D:15     | Reached skill level 12 in Fighting
 25215 | Shoals:1 | Entered Level 1 of the Shoals
 27368 | Spider:1 | Entered Level 1 of the Spider Nest
 27375 | Spider:1 | Reached skill level 1 in Evocations
 27587 | Spider:1 | Reached skill level 13 in Fighting
 28371 | Spider:2 | Reached XP level 17. HP: 123/123 MP: 16/25
 28654 | Spider:2 | Reached ****** piety under Fedhas
 30493 | Spider:4 | Entered Level 4 of the Spider Nest
 30599 | Spider:4 | Reached skill level 14 in Fighting
 30599 | Spider:4 | Reached skill level 5 in Evocations
 30819 | Spider:4 | Noticed Arachne
 30866 | Spider:4 | Killed Arachne
 31382 | Spider:3 | Reached skill level 15 in Dodging
 31617 | Spider:4 | Reached XP level 18. HP: 62/132 MP: 4/26
 32306 | Spider:4 | Reached skill level 15 in Fighting
 32666 | Spider:4 | Got a gossamer rune of Zot
 34301 | Shoals:3 | Noticed Donald
 34342 | Shoals:2 | Killed Donald
 34478 | Shoals:3 | Noticed Mara
 34491 | Shoals:3 | Killed Mara
 34500 | Shoals:3 | Found Tegh's Assorted Antiques.
 34533 | Shoals:3 | Bought a scroll of amnesia for 122 gold pieces
 34533 | Shoals:3 | Bought a scroll of identify for 70 gold pieces
 34533 | Shoals:3 | Bought a sharpened silver wand for 140 gold pieces
 34533 | Shoals:3 | Bought a glass ring for 175 gold pieces
 35336 | Shoals:4 | Entered Level 4 of the Shoals
 35355 | Shoals:4 | Reached skill level 16 in Fighting
 35477 | Shoals:4 | Cast into level 2 of the Abyss (merfolk impaler)
 35477 | Abyss:2  | Found a corrupted altar of Lugonu.
 35651 | Abyss:2  | Reached XP level 19. HP: 87/141 MP: 10/19
 35651 | Abyss:2  | Reached skill level 1 in Polearms
 35684 | Abyss:2  | Found a corrupted altar of Lugonu.
 35713 | Abyss:2  | Found a corrupted altar of Lugonu.
 35744 | Abyss:2  | Noticed a lich
 35747 | Abyss:2  | Killed a lich
 35799 | Shoals:4 | Escaped the Abyss
 36468 | Shoals:4 | Noticed Ilsuiw
 36494 | Shoals:4 | Killed Ilsuiw
 36690 | Shoals:4 | Got a dazzling scale mail
 36693 | Shoals:4 | Identified the cursed +0 scale mail of Lifelessness {rPois Int+4 Slay+2} (You took it off a merfolk on level 4 of the Shoals)
 36698 | Shoals:4 | Got a smoking lapis lazuli ring
 36708 | Shoals:4 | Identified the ring "Qyzoatuh" {*Tele rElec Dex+4 SInv} (You found it on level 4 of the Shoals)
 37033 | Shoals:4 | Lost mutation: Scrolls take you a little longer to read. [potion of cure mutation]
 37033 | Shoals:4 | Lost mutation: You are resistant to hostile enchantments. (MR+) [potion of cure mutation]
 37033 | Shoals:4 | Lost mutation: You are partially covered in large bone plates. (SH +4) [potion of cure mutation]
 37283 | Shoals:4 | Got a barnacled rune of Zot
 37410 | Lair:1   | Upgraded the game from 0.19-a0-1834-g6b7851e to 0.19-a0-1851-g3228ea0
 37510 | Vaults:1 | Entered Level 1 of the Vaults
 37537 | Vaults:1 | Reached skill level 5 in Polearms
 37889 | Vaults:1 | Reached XP level 20. HP: 87/150 MP: 17/28
 38185 | Vaults:1 | Reached skill level 17 in Fighting
 38206 | Vaults:1 | Reached skill level 10 in Evocations
 38943 | Vaults:2 | Found a shadowy altar of Dithmenos.
 39063 | Vaults:2 | Noticed Pr0man's ghost (adept VSMo)
 40282 | Vaults:2 | Killed Pr0man's ghost
 40882 | Vaults:2 | Reached XP level 21. HP: 147/155 MP: 20/29
 41041 | Vaults:2 | Found Yhukaak's Antique Armour Emporium.
 41045 | Vaults:2 | Got a brightly glowing iron ring
 41200 | Vaults:2 | Identified the ring "Voalom" {+Blink +Inv rPois MP+9 Int-3} (You found it on level 2 of the Vaults)
 41715 | Vaults:3 | HP: 7/155 [deep elf annihilator/crystal spear[an ironheart preserver] (49)]
 41966 | Vaults:3 | Found a staircase to the Crypt.
 41986 | Vaults:3 | Noticed Mennas
 42643 | Vaults:3 | Reached skill level 10 in Polearms
 42655 | Vaults:3 | Reached skill level 18 in Fighting
 43321 | Vaults:4 | Killed from afar by an ogre mage

Vault maps used:
D:1:      saegor_arrival_under_anarchy, serial_bayou, serial_bayou_pond_b,
          serial_bayou_pond_a, serial_bayou_lagoon_b, serial_bayou_pond_d,
          minmay_statues_item, roderic_lattice_a
D:2:      ecumenical_altar_2, nemelex_diamond_rough_becter
D:3:      uniq_terence
D:4:      serial_shops, shop, first_bread, lemuel_flame_loot_1
D:5:      lemuel_coloured_pillars_altar, serial_bayou, serial_bayou_pond_a,
          serial_bayou_pond_e, serial_bayou_pond_d, serial_bayou_crossing,
          bh_walls_and_bars
D:6:      serial_shops, nicolae_shop_behind_doors, nicolae_shop_behind_doors,
          shop, shop, shop, st_stairs_14, trog_wizard
D:7:      chequers_ossuary_entry_cave, minmay_hedge_maze, uniq_pikel
D:8:      minmay_overflow_temple_star_hex, hangedman_little_slice_of_home,
          minmay_large_rounded_square, uniq_psyche
D:9:      basic_altar, roderic_nine_men_s_morris, grunt_ministairs_5
D:10:     due_lair_maze_entry_diamond
D:11:     orc_david_3
D:12:     basic_altar, lemuel_old_faithful
D:13:     uniq_erolcha
D:14:     erik_vaults_2, minmay_misc_feat_square, enter_trove_6,
          minmay_beelzebubs_servants, uniq_rupert
D:15:     grunt_enter_depths_magical_seal, small_statue_alley_a
Temple:   minmay_freezing_vapour_temple
Lair:1:   lemuel_fruit_fields
Lair:2:   serial_bayou_shore_b
Lair:3:   minmay_lair_oklob_tunnel, minmay_shoals_entry_lonely_mermaid,
          serial_bayou_lagoon_a
Lair:4:   nicolae_spider_entry_non_spiders
Lair:5:   enter_volcano_3, kb_xom_exploding_sheep, grunt_megastairs_4
Lair:6:   evil_forest, slime_dummy, lemuel_fruit_tree, uniq_snorg
Shoals:3: serial_shops, shop, nicolae_shoals_undead_eyrie, uniq_donald,
          uniq_mara
Shoals:4: shoals_end_grunt_ice, shoal_ilsuiw
Spider:3: nicolae_orb_island
Spider:4: grunt_spider_rune_parallel, uniq_arachne
Orc:1:    serial_shops, shop
Orc:2:    grunt_orc_gardens, grunt_orc_garden, grunt_orc_garden,
          grunt_orc_garden, grunt_orc_garden, nicolae_for_you_no_charge
Vaults:1: nicolae_vaults_theta, hangedman_vaults_variations,
          grunt_vaults_hallway_long, v_misc_27, hangedman_vaults_corner,
          v_misc_19, vaults_mumra_minichess, st_diamondy, v_misc_5,
          hangedman_vaults_trim, nicolae_vaults_little_ls, vaults_room_grid
Vaults:2: v_rooms_1, vaults_room_hangedman_quadrants, nicolae_vaults_network_s,
          ontoclasm_vaults_fault, vaults_room_corners,
          nicolae_vaults_mini_display_case, v_alt_pattern_5, v_misc_5,
          ontoclasm_vaults_shuriken, serial_shops, nicolae_shop_crystal,
          basic_altar
Vaults:3: minmay_crypt_entry_simple_plaza, nicolae_vaults_network_square,
          hangedman_vaults_stretched_pinwheel, ontoclasm_vaults_decontamination,
          v_misc_13, ontoclasm_vaults_eye, ontoclasm_vaults_idyll,
          grunt_vaults_twisty, v_misc_26, grunt_vaults_hallway_short,
          nicolae_vaults_ring_of_whatevers, dpeg_vaults_monster_box, uniq_mennas
Vaults:4: vaults_mumra_hex, vaults_room_fours, ontoclasm_vaults_ligature,
          vaults_room_glass_cross, hangedman_vaults_slither, vaults_room_pool,
          nicolae_vaults_little_squares_1, portal_desolation_entry_ruin,
          serial_shops, shop, nicolae_shop_stone, shop, nicolae_shop_trees,
          nicolae_shop_behind_doors
Ossuary:  ossuary_tomb_2
Volcano:  kennysheep_volcano_temple

Skill      XL: |  1  2  3  4  5  6  7  8  9 10 11 12 13 14 15 16 17 18 19 20 21 |
---------------+----------------------------------------------------------------+-----
Slings         | 6 7 8 9 10 11 12 | 12.6
Fighting       | 2 3 4 5 6 7 8 9 11 13 14 16 17 18 | 18.0
Dodging        | 3 4 5 6 8 9 10 11 12 14 15 16 17 | 17.7
Shields        | 2 4 5 |  5.0
Maces & Flails | 2 4 6 8 9 10 11 | 11.9
Invocations    | 4 7 9 11 | 11.6
Armour         | 4 6 7 9 10 | 10.8
Evocations     | 3 6 8 9 10 11 | 11.7
Polearms       | 6 8 10 | 10.5
Axes           | |  0.4
Stealth        | |  1.1

Action                   |  1- 3 |  4- 6 |  7- 9 | 10-12 | 13-15 | 16-18 | 19-21 || total
-------------------------+-------+-------+-------+-------+-------+-------+-------++-------
Melee: Short sword       |   100 |   157 |       |       |       |       |       ||   257
       Shillelagh        |       |       |   188 |   425 |   864 |  1281 |  1307 ||  4065
       Whip              |       |       |       |    66 |       |    79 |       ||   145
       Dagger            |       |       |       |       |    22 |       |       ||    22
       Blowgun           |       |       |       |       |       |     1 |       ||     1
       Demon trident     |       |       |       |       |       |    19 |   200 ||   219
 Fire: Hunting sling     |    22 |    72 |    26 |    74 |    23 |    16 |       ||   233
       Blowgun           |       |       |       |     3 |     7 |    58 |       ||    68
       Fustibalus        |       |       |       |       |       |       |    14 ||    14
Throw: Stone             |       |       |       |     1 |       |       |       ||     1
       Throwing net      |       |       |       |       |       |     1 |       ||     1
Invok: Evolution         |       |       |       |     3 |     7 |    10 |       ||    20
       Sunlight          |       |       |       |       |     5 |    10 |     2 ||    17
       Reproduction      |       |       |       |       |       |     1 |     1 ||     2
 Abil: Evoke Berserk Rag |       |       |       |       |     1 |     1 |       ||     2
       Evoke Blink       |       |       |       |       |       |       |     1 ||     1
Evoke: Wand              |       |       |     1 |     2 |     1 |    12 |     3 ||    19
       Lamp of fire      |       |       |       |       |       |       |     1 ||     1
       Rod               |       |       |       |       |       |       |     4 ||     4
  Use: Potion            |       |     1 |       |     1 |     6 |     8 |     8 ||    24
       Scroll            |       |     6 |     4 |     6 |    17 |    19 |    10 ||    62
 Stab: Sleeping          |     3 |     2 |       |     1 |       |       |       ||     6
       Distracted        |       |       |       |       |     1 |     1 |       ||     2
       Confused          |       |       |       |       |     2 |    14 |     3 ||    19
  Eat: Chunk             |     3 |     7 |     8 |    12 |    21 |    12 |     9 ||    72
       Royal jelly       |       |       |     1 |     5 |     6 |       |       ||    12
       Beef jerky        |       |       |       |     1 |       |       |       ||     1
       Bread ration      |       |       |       |       |       |     6 |     4 ||    10
Armor: Leather armour    |    10 |    23 |       |       |       |       |       ||    33
       Scale mail        |    12 |    31 |    45 |     9 |       |       |       ||    97
       Chain mail        |       |       |       |    91 |   261 |    17 |       ||   369
       Ring mail         |       |       |       |    12 |     1 |       |       ||    13
       Skin              |       |       |       |     4 |       |       |       ||     4
       Fire dragon scale |       |       |       |       |       |   522 |   404 ||   926
Dodge: Dodged            |    65 |   126 |   118 |   258 |   406 |  1213 |   999 ||  3185
Block: Other             |       |    20 |     4 |       |       |       |       ||    24
       Buckler           |       |       |    66 |   240 |   480 |  1211 |   698 ||  2695
       Reflection        |       |       |     3 |    12 |    32 |    59 |    67 ||   173
